 Dungeon Crawl Stone Soup version 0.24.0-2-g5b39cebb1c (webtiles) character file.

Game seed: 1109590622850713943, levelgen mode: deterministic

50 KamiKatze the Skirmisher (level 3, 0/20 HPs)
             Began as a Vine Stalker Fighter on Oct 30, 2019.
             Succumbed to an adder's poison
             ... on level 2 of the Dungeon.
             The game lasted 00:05:47 (1322 turns).

KamiKatze the Skirmisher (Vine Stalker Fighter)     Turns: 1322, Time: 00:05:47

Health: 0/20       AC:  6    Str: 24    XL:     3   Next: 79%
Magic:  4/4        EV:  8    Int:  8    God:
Gold:   96         SH:  9    Dex: 13    Spells: 2/2 levels left

rFire    . . .     SeeInvis .   a - +0 rapier
rCold    . . .     Gourm    .   c - +0 shield
rNeg     . . .     Faith    .   b - +0 scale mail
rPois    .         Spirit   +   (no helmet)
rElec    .         Reflect  .   (no cloak)
rCorr    .         Harm     .   (no gloves)
MR       .....                  (no boots)
Stlth    ..........             l - amulet of rage
HPRegen  0.06/turn              (no ring)
MPRegen  0.09/turn              (no ring)

@: mighty, lethally poisoned (0 -> -5), berserk cooldown, very slightly
contaminated, slowed, invisible, very slow
A: fangs 2, magic shield, antimagic bite, no potion heal 3, rot immunity
a: Evoke Berserk Rage


You were on level 2 of the Dungeon.
You were very hungry.

You visited 1 branch of the dungeon, and saw 2 of its levels.

You collected 96 gold pieces.

Inventory:

Hand Weapons
 a - a +0 rapier (weapon)
Missiles
 e - 18 stones (quivered)
 h - a throwing net
Armour
 b - a +0 scale mail (worn)
 c - a +0 shield (worn)
 k - a +0 chain mail
Jewellery
 l - an amulet of rage (around neck)
Potions
 i - a potion of invisibility
Comestibles
 f - 3 rations
 g - 3 chunks of flesh


   Skills:
 + Level 3.0 Fighting
 * Level 2.6 Short Blades
 - Level 2.4 Armour
 + Level 1.0 Dodging
 + Level 3.0 Shields


You had 2 spell levels left.
You didn't know any spells.
Your spell library was empty.

Dungeon Overview and Level Annotations

Branches:
Dungeon (2/15)

Altars:
Wu Jian

Annotations:
D:1 fly to loot (w:0)


Innate Abilities, Weirdness & Mutations

You have extremely sharp teeth.
When hurt, damage is shared between your health and your magic reserves.
Your bite disrupts and absorbs the magic of your enemies.
Potions cannot restore your health.
You are immune to rotting.


Message History

Found an ornate altar of the Wu Jian Council.
You fail to use your ability.
The ball python hisses angrily.
A red film seems to cover your vision as you go berserk!
You feel yourself moving faster!
You feel mighty!
You are feeling very hungry.
* * * LOW HITPOINT WARNING * * *
You feel sick.
You feel a strong urge to attack something.
The ball python hisses angrily.
You barely miss the ball python. You bite the ball python.
You kill the ball python!
You feel a strong urge to attack something.
* * * LOW HITPOINT WARNING * * *
You feel sick.
You are no longer berserk.
You are exhausted.
You feel yourself slow down.
Unknown command.
You die...

####..# #.#
###.####.###.## ......#
#.# ##.[..........#
#####.#
#.###.............#
#####>#
#.............#####
......##########...#####.#
......#...........## #.#
#####.#.########### #.#
#.#.# ##_## #.# #.#.#
#@..# .# #.#.# #.....#
#.#.# #.....# #.#.#
#.....# #.#.# ##...##
#.#.#######.....
#.#.......#.....# #
#.#..######.....#
#####....#


There were no monsters in sight!

Vanquished Creatures
  An adder (D:2)
  2 oozes (D:1)
  2 leopard geckos (D:2)
  2 orcs
  A ball python (D:2)
  2 goblins (D:1)
  4 hobgoblins
  3 jackals (D:1)
  4 bats
  2 kobolds (D:1)
  6 rats
29 creatures vanquished.

Notes
Turn   | Place    | Note
-------+----------+-------------------------------------------
     0 | D:1      | KamiKatze the Vine Stalker Fighter began the quest for the
                  | Orb.
     0 | D:1      | Reached XP level 1. HP: 11/11 MP: 2/2
    70 | D:1      | Reached XP level 2. HP: 14/16 MP: 3/3
   484 | D:1      | Reached XP level 3. HP: 17/19 MP: 4/4
   839 | D:2      | Noticed an orc warrior
  1306 | D:2      | Reached skill level 1 in Dodging
  1312 | D:2      | Found an ornate altar of the Wu Jian Council.
  1319 | D:2      | HP: 1/30 [poisoned by an adder]
  1322 | D:2      | Succumbed to an adder's poison

Levels and vault maps discovered:
D:1:      erik_arrival_gehennom, layout_loops_ring, chequers_mini_garden,
          minmay_misc_feat_cross, glass_columns_b,
          chequers_serial_rivers_micro_c
D:2:      layout_loops_ring, bloody_trog, marbit_many_paths

Skill      XL: |  1  2  3 |
---------------+----------+-----
Short Blades   | 2 |  2.6
Fighting       | 3 |  3.0
Shields        | 3 |  3.0
Dodging        | 1 |  1.0
Armour         | |  2.4

Action                   || total
-------------------------++-------
Melee: Rapier            ||    83
       Bite              ||    19
 Abil: Evoke Berserk Rag ||     1
  Use: Scroll            ||     4
       Potion            ||     2
  Eat: Chunk             ||     1
Armor: Scale mail        ||    29
Dodge: Dodged            ||    15
Block: Shield            ||    36
